[Event "*** SCC Grand Prix: Titled Tuesday Blitz"]
[Site "Chess.com"]
[Date "2020.06.02"]
[Round "9"]
[White "kleopl"]
[Black "GMJustin"]
[Result "0-1"]
[WhiteElo "2445"]
[BlackElo "2304"]
[TimeControl "180+1"]
[EndTime "11:47:25 PDT"]
[Termination "GMJustin won by resignation"]

1. c4 e5 2. Nc3 Nc6 3. Nf3 g6 4. d4 exd4 5. Nxd4 Bg7 6. Nxc6 bxc6 7. e4 d6 8. Bd3 Ne7 9. O-O c5 10. Qc2 O-O 11. b3 Nc6 12. Bb2 Nb4 13. Qe2 Nxd3 14.
Qxd3 Be6 15. Rad1 f5 16. exf5 Bxf5 17. Qd2 Bg4 18. f3 Bd4+ 19. Kh1 Bf5 20. Nd5 Bxb2 21.
Qxb2 Be6 22. Nc3 Qf6 23. Rfe1 Bf5 24. Qd2 Rae8 25. Nd5 Qd8 26. Rxe8 Rxe8 27. Re1 Rxe1+ 28. Qxe1 Kf7 29. h3 c6 30. Ne3 Be6 31. Qc3 Qf6 32.
Qd2 Qd4 33. Qe2 d5 34. g4 Qe5 35. Qf2 d4 36. Nc2 d3 37. Ne1 Qc3 38. Qe3 a5 39. Kg2 Qb2+ 40. Qf2 Qxf2+ 41. Kxf2 d2 42. Ke2 dxe1=R+ 43. Kxe1 a4 44. Kd2 axb3 45. axb3 g5 46. Ke3 Kf6 47. f4 gxf4+ 48. Kxf4 h6 49. h4 Bd7 50. g5+ hxg5+ 51. hxg5+ Ke6 52. Ke4 Be8 53. Kd3 Bg6+ 54. Kc3 Ke5 55. b4 cxb4+ 56. Kxb4 Kd4 57. Kb3 c5 58. Kb2 Kxc4 59. Kc1 Kd4 60. Kd2 c4 61. Kd1 c3 62. Ke1 Kd3 63. Kd1 c2+ 64. Kc1 Bf5 0-1

[Event "*** SCC Grand Prix: Titled Tuesday Blitz"]
[Site "Chess.com"]
[Date "2020.06.02"]
[Round "9"]
[White "mjray79"]
[Black "andy_rekt"]
[Result "1-0"]
[WhiteElo "2308"]
[BlackElo "2051"]
[TimeControl "180+1"]
[EndTime "11:47:25 PDT"]
[Termination "mjray79 won by checkmate"]

1. d4 e6 2. c4 Nf6 3. g3 Bb4+ 4.
Bd2 a5 5. Bg2 O-O 6. Nf3 b6 7.
O-O Bb7 8. Bf4 Be7 9. Nc3 d6 10. Re1 Nbd7 11. e4 Re8 12. Qc2 h6 13. Rad1 Bf8 14.
e5 Nh7 15. Ne4 d5 16. Nc3 dxc4 17. Nd2 Bxg2 18. Kxg2 b5 19. Nxb5 Nb6 20. Nf3 c6 21.
Nc3 Nd5 22. Bd2 Qb6 23. Ne4 Rab8 24. Qxc4 Qxb2 25. Bxa5 Qa3 26. Bd2 Rec8 27. Rb1 Ra8 28. Nc3 Nxc3 29. Bxc3 Qxa2 30. Qd3 Ra3 31. Ra1 Qb3 32.
Rxa3 Qxa3 33. Ra1 Qb3 34. Rb1 Qd5 35. Qa6 Ng5 36. Qe2 c5 37. h4 cxd4 38. hxg5 Rxc3 39.
Rd1 d3 40. Qd2 Bb4 41. gxh6 Rb3 42. Qg5 g6 43. Qf6 Bf8 44. h7+ Kxh7 45. Qxf7+ Kh6 46. Qxf8+ Kh5 47. Rh1+ Kg4 48. Qf4# 1-0

[Event "*** SCC Grand Prix: Titled Tuesday Blitz"]
[Site "Chess.com"]
[Date "2020.06.02"]
[Round "9"]
[White "antoszu"]
[Black "Aguiar94"]
[Result "0-1"]
[WhiteElo "2523"]
[BlackElo "2430"]
[TimeControl "180+1"]
[EndTime "11:47:26 PDT"]
[Termination "Aguiar94 won by resignation"]

1. e4 c5 2. Nf3 e6 3. d4 cxd4 4. Nxd4 Nc6 5. Nc3 Qc7 6. Be3 a6 7.
Be2 Nf6 8. O-O Bb4 9. Na4 O-O 10.
Nxc6 bxc6 11. Nb6 Rb8 12. Nxc8 Rfxc8 13. Bd3 Bd6 14. f4 e5 15. f5 Rxb2 16. g4 h6 17. Kh1 Bf8 18. g5 hxg5 19. Bxg5 Be7 20. Rg1 d5 21. Bh6 Bf8 22. Qc1 dxe4 23. Qxb2 exd3 24.
cxd3 Qd6 25. Qg2 Ne8 26. f6 Qxf6 27. Be3 Qd6 28. Raf1 Qxd3 29. Rf3 Qd5 30. h4 Rb8 31. Kh2 Rb4 32. Bf2 Kh8 33. Qg3 Ra4 34. Rf5 Rxa2 35. Rg2 Bd6 36. Kh3 Ra3 37. Be3 Qe6 38. Rf2 g6 39.
Kg2 gxf5 0-1

[Event "*** SCC Grand Prix: Titled Tuesday Blitz"]
[Site "Chess.com"]
[Date "2020.06.02"]
[Round "9"]
[White "davekoenig"]
[Black "ehrenfeld"]
[Result "1-0"]
[WhiteElo "2192"]
[BlackElo "2431"]
[TimeControl "180+1"]
[EndTime "11:47:26 PDT"]
[Termination "davekoenig won by resignation"]

1. e4 e5 2. Nf3 Nc6 3. d4 exd4 4. Nxd4 Bc5 5. Nxc6 bxc6 6. Bd3 Qh4 7. O-O Nf6 8.
h3 d6 9. Nd2 Bxh3 10. gxh3 Qg3+ 11. Kh1 Qxh3+ 12. Kg1 Ng4 13. Nf3 Qg3+ 14. Kh1 Nxf2+ 15. Rxf2 Qxf2 16. Bf4 O-O 17. Bh2 Bb6 18. Ng5 Qh4 19. Qd2 Rae8 20. Rf1 h6 21. Nf3 Qh5 22. Qc3 Re6 23. Qxc6 Rf6 24. Be2 Qh3 25. Qb5 Rg6 26. Ne1 Bd4 27. Qd3 Qxd3 28. Nxd3 Re8 29. c3 Rxe4 30. Bf3 Re3 31. Nf4 Rxf3 32. Rxf3 Rf6 33. cxd4 g5 34. Kg2 gxf4 35. Rxf4 Rg6+ 36. Kf3 Kf8 37.
Bg3 Ke7 38. Bh4+ Ke6 39. d5+ Kxd5 40. Rxf7 c5 41. Rxa7 h5 42. Rh7 Kc4 43. Rxh5 d5 44. Be1 Ra6 45. b3+ Kd4 46. Bf2+ Kd3 47. Rxd5+ 1-0

[Event "*** SCC Grand Prix: Titled Tuesday Blitz"]
[Site "Chess.com"]
[Date "2020.06.02"]
[Round "9"]
[White "gixfantastix"]
[Black "XiaoKangZhong"]
[Result "0-1"]
[WhiteElo "2111"]
[BlackElo "2444"]
[TimeControl "180+1"]
[EndTime "11:47:26 PDT"]
[Termination "XiaoKangZhong won by resignation"]

1. e4 c6 2. Nc3 d5 3. Qf3 dxe4 4. Nxe4 Nf6 5. Nxf6+ exf6 6. Qg3 g6 7. Bc4 Bc5 8. d3 O-O 9. Ne2 Re8 10. c3 Qe7 11. d4 Bd6 12. Qf3 Be6 13. Bxe6 Qxe6 14. Be3 Nd7 15. O-O c5 16. Rfe1 cxd4 17. Nxd4 Qe5 18. g3 Qa5 19. Qxb7 Nc5 20. Qb5 Qc7 21. Qf1 Rab8 22. Nb5 Qb6 23. Nxd6 Qxd6 24. Bf4 Re5 25.
Red1 Qe6 26. Bxe5 fxe5 27. b3 e4 28. Rd4 Re8 29. Rad1 Qf6 30. Qb5 Qe7 31. Rd5 Nd3 32. Qd7 Qf8 33. Qg4 Qg7 34. c4 Qb2 35. Rd7 Qxf2+ 36.
Kh1 h5 37. Qg5 Qf3+ 38. Kg1 Qxd1+ 39. Kg2 Qf3+ 40. Kh3 Qg4+ 41. Qxg4 hxg4+ 42. Kxg4 Ne5+ 43. Kf4 Nxd7 44. Ke3 f5 0-1

[Event "*** SCC Grand Prix: Titled Tuesday Blitz"]
[Site "Chess.com"]
[Date "2020.06.02"]
[Round "9"]
[White "FairChess_on_YouTube"]
[Black "MITerryble"]
[Result "1-0"]
[WhiteElo "3006"]
[BlackElo "2815"]
[TimeControl "180+1"]
[EndTime "11:47:27 PDT"]
[Termination "FairChess_on_YouTube won on time"]

1. e4 e6 2. d4 d5 3. Nc3 Nf6 4.
e5 Nfd7 5. f4 c5 6. Nf3 Nc6 7.
Be3 Be7 8. Qd2 O-O 9. dxc5 Qa5 10. a3 Nxc5 11. O-O-O Rd8 12. Nd4 a6 13. Kb1 Qc7 14. h4 b5 15. h5 Rb8 16. Nxc6 Qxc6 17. f5 b4 18. axb4 Rxb4 19. Bg5 Qb7 20. Bxe7 Rxb2+ 21. Kc1 Nb3+ 22. cxb3 Rxd2 23. Bxd8 Rxd1+ 24. Nxd1 Qxb3 25. Rh3 Qa2 26. Rc3 Bd7 27. Be7 Qa1+ 28. Kd2 exf5 29.
Bd3 h6 30. Bd6 Qa4 31. g3 Qd4 32. Ne3 Qa4 33. Nc2 f4 34. Ra3 Qc6 35. gxf4 Qb6 36.
Kc1 Qf2 37. Rxa6 Qxf4+ 38. Kb2 Bf5 39. e6 1-0

[Event "*** SCC Grand Prix: Titled Tuesday Blitz"]
[Site "Chess.com"]
[Date "2020.06.02"]
[Round "9"]
[White "PavelShkapenko"]
[Black "mortngabriel"]
[Result "1-0"]
[WhiteElo "2631"]
[BlackElo "2459"]
[TimeControl "180+1"]
[EndTime "11:47:27 PDT"]
[Termination "PavelShkapenko won on time"]

1. e4 c5 2. c3 d5 3. exd5 Qxd5 4. Nf3 Nc6 5. d4 Bg4 6. Be2 cxd4 7. cxd4 e6 8. O-O Qa5 9. h3 Bh5 10. Qb3 O-O-O 11.
Be3 Nf6 12. Nbd2 Qb4 13. Qc2 Bg6 14. Qc1 Kb8 15. a3 Qd6 16. Nc4 Qd5 17. Nce5 Rc8 18. Qd1 Bd6 19. Bc4 Qa5 20. b4 Qc7 21. Rc1 Qe7 22. Be2 Be4 23. Ng5 Bd5 24. Ngxf7 Bxe5 25. Nxe5 Rhf8 26. Qa4 Nd7 27. b5 Ncxe5 28. dxe5 Nb6 29.
Qb4 Qxb4 30. axb4 Bc4 31. Bxc4 Rxc4 32. Bxb6 Rxc1 33. Bxa7+ Kxa7 34. Rxc1 Kb6 35. Rd1 Rf7 36. Rd6+ Kxb5 37. Rxe6 Kxb4 38. g3 Kc5 39. f4 b5 40.
Re8 g5 41. e6 1-0

[Event "*** SCC Grand Prix: Titled Tuesday Blitz"]
[Site "Chess.com"]
[Date "2020.06.02"]
[Round "9"]
[White "fridaywins"]
[Black "TheoSlade"]
[Result "0-1"]
[WhiteElo "2227"]
[BlackElo "2361"]
[TimeControl "180+1"]
[EndTime "11:47:27 PDT"]
[Termination "TheoSlade won by resignation"]

1. e4 e5 2. Nf3 Nc6 3. Bb5 Nf6 4. d3 Bc5 5. O-O Nd4 6. Nxd4 Bxd4 7. c3 Bb6 8. Be3 Bxe3 9. fxe3 c6 10. Bc4 O-O 11.
Nd2 Qb6 12. Rxf6 gxf6 13. Qg4+ Kh8 14. Qf3 Qd8 15. Rf1 d6 16. Qh5 Be6 17. Qh6 d5 18. Bb3 Rg8 19. Rxf6 Rg6 20. Rxg6 fxg6 21. Nf3 Qf6 22.
Ng5 Qe7 23. exd5 cxd5 24. e4 Rd8 25. Nxe6 Qxe6 26. Bxd5 Qb6+ 27. Kh1 Qxb2 28. h4 Qxc3 29. h5 Qe1+ 30. Kh2 Qh4+ 31. Kg1 Qxh5 32. Qe3 Qd1+ 33. Kh2 b6 34. Qg3 Qh5+ 35. Kg1 Rf8 36. a4 Rf4 37. d4 Qd1+ 38. Kh2 Qxd4 39. Qg5 Qf2 40. Qxe5+ Rf6 41. Qe8+ Rf8 42. Qe5+ Qf6 43. Qc7 Qh4+ 44. Kg1 Qe1+ 45. Kh2 Qh4+ 46. Kg1 Qf4 47. Qxa7 Qe3+ 48. Kh2 Rf4 49.
Qb8+ Kg7 50. Qc7+ Kh6 51. Qd8 Qf2 52. Kh3 Qg1 53. Qg5+ Kxg5 0-1

[Event "*** SCC Grand Prix: Titled Tuesday Blitz"]
[Site "Chess.com"]
[Date "2020.06.02"]
[Round "9"]
[White "Sam_ChessMood"]
[Black "chargemax23"]
[Result "1-0"]
[WhiteElo "2828"]
[BlackElo "2590"]
[TimeControl "180+1"]
[EndTime "11:47:29 PDT"]
[Termination "Sam_ChessMood won by resignation"]

1. e4 d6 2. d4 Nf6 3. Nc3 e5 4. Nf3 exd4 5. Nxd4 Be7 6. Bf4 O-O 7. Qd2 Nbd7 8. O-O-O Nc5 9. f3 a6 10. g4 b5 11. Kb1 b4 12. Nce2 Bd7 13. Ng3 Qb8 14. g5 Ne8 15. Ngf5 Bd8 16. Bc4 a5 17. h4 Na4 18. Rdg1 Nb6 19. Bb5 Bxb5 20. Nxb5 a4 21. Qxb4 a3 22. b3 c5 23. Qd2 Na4 24. Nbxd6 Bc7 25.
e5 Ba5 26. Qd3 Nc7 27. Nh6+ Kh8 28. Nhxf7+ Rxf7 29.
Nxf7+ Kg8 30. g6 Ne6 31. gxh7+ Kxf7 32. Qg6+ Ke7 33. Bg5+ Kd7 34. Qf7+ Kc6 35. Qxe6+ Kb7 36. bxa4 Ka7+ 37. Qb3 Qxe5 38. Bf4 Qf6 39. Rd1 Bb4 40. Rd7+ Ka6 41. Rd6+ 1-0

[Event "*** SCC Grand Prix: Titled Tuesday Blitz"]
[Site "Chess.com"]
[Date "2020.06.02"]
[Round "9"]
[White "peixe64"]
[Black "ChessicallyInclined"]
[Result "0-1"]
[WhiteElo "2259"]
[BlackElo "2525"]
[TimeControl "180+1"]
[EndTime "11:47:31 PDT"]
[Termination "ChessicallyInclined won by checkmate"]

1. d4 Nf6 2. c4 e6 3. Nc3 Bb4 4. e3 O-O 5. Ne2 Re8 6. a3 Bf8 7. d5 a5 8. g3 Na6 9. Bg2 Nc5 10.
b3 exd5 11. cxd5 b6 12. O-O Ba6 13. b4 axb4 14. axb4 Bxe2 15. Rxa8 Qxa8 16. Qxe2 Nce4 17.
Nxe4 Nxe4 18. Qc4 Nf6 19. Qxc7 Bxb4 20. Qxb6 Bf8 21. Qd4 Qa5 22. Bb2 d6 23. Ra1 Qb5 24. h3 Rc8 25. Qd2 Nd7 26. Rc1 Rxc1+ 27. Qxc1 Nc5 28.
Qc2 Qb4 29. Bd4 Nd7 30. Kh2 Ne5 31. Qf5 Ng6 32. h4 h6 33. Be4 Be7 34. h5 Nf8 35. Qg4 f6 36. Bf5 Qd2 37. Qe4 Qxf2+ 38. Kh3 Qf1+ 39. Kg4 Bd8 40. Be6+ Kh8 41. Bf7 Qe2+ 42. Qf3 f5+ 43. Kf4 Bg5+ 44. Kxf5 Qxf3# 0-1

[Event "*** SCC Grand Prix: Titled Tuesday Blitz"]
[Site "Chess.com"]
[Date "2020.06.02"]
[Round "9"]
[White "Matveev_Vladimir"]
[Black "AshotParvanyan"]
[Result "0-1"]
[WhiteElo "2547"]
[BlackElo "2438"]
[TimeControl "180+1"]
[EndTime "11:47:31 PDT"]
[Termination "AshotParvanyan won by resignation"]

1. e4 e6 2. d4 d5 3. e5 c5 4. c3 Nc6 5. Nf3 Nh6 6. a3 Nf5 7. b4 cxd4 8. cxd4 Bd7 9. Be3 Nxe3 10. fxe3 f5 11. Bd3 g5 12. h3 Be7 13. g4 O-O 14. gxf5 exf5 15. Nc3 Be6 16. Qe2 Rc8 17. Rc1 Kh8 18.
Rc2 Qe8 19. Nb5 a6 20. Nc3 b5 21. Nd2 Qd7 22. Nb3 a5 23. Nc5 Bxc5 24. bxc5 b4 25.
Nb5 bxa3 26. Nd6 Rb8 27. O-O Nb4 28. Rd2 a2 29. Rxa2 Nxa2 30. Qxa2 f4 31. h4 fxe3 32. hxg5 Rxf1+ 33. Bxf1 Rg8 34. Bg2 Rxg5 35. Qxa5 Bh3 36. e6 Rxg2+ 37. Kh1 Qxe6 38. Qd8+ Rg8 0-1

[Event "*** SCC Grand Prix: Titled Tuesday Blitz"]
[Site "Chess.com"]
[Date "2020.06.02"]
[Round "9"]
[White "jorquerino"]
[Black "Sweafty"]
[Result "0-1"]
[WhiteElo "2337"]
[BlackElo "2497"]
[TimeControl "180+1"]
[EndTime "11:47:31 PDT"]
[Termination "Sweafty won on time"]

1. e4 d6 2. d4 Nf6 3. Nc3 g6 4. f4 Bg7 5. e5 c5 6. exf6 Bxf6 7. Be3 O-O 8. Nf3 Qa5 9. Qd2 Bg4 10. Be2 Nc6 11. d5 Nb4 12. O-O Rad8 13. a3 Na6 14. h3 Bc8 15. Rab1 Qc7 16. Ne4 Bg7 17. c4 Nb8 18. Ng3 f5 19. Qe1 a6 20. Bd2 Nd7 21.
Bc3 Nf6 22. Bd3 b5 23. Ba5 Qb7 24. Bxd8 Rxd8 25. b3 Re8 26. Ng5 e5 27. Ne6 Bxe6 28.
dxe6 e4 29. Bc2 Rxe6 30. Kh1 Re8 31. Qd2 Rd8 32. Rfd1 Qf7 33. Qe2 h6 34. Rd2 h5 35.
Rbd1 h4 36. Nf1 Qe7 37. Ne3 Nh5 38. Qf2 Ng3+ 39. Kh2 Bd4 40. Rxd4 cxd4 41. Rxd4 Qa7 42. Qd2 Qc7 43. Kg1 Nh5 44. Nd5 Qg7 45. Kf2 Ng3 46. Ne3 Qc7 47. Qc3 g5 48. Nd5 Qa7 49. Qe3 gxf4 50. Nxf4 bxc4 51. Ne6 Rd7 52. Qg5+ Kf7 53. Nf4 Qxd4+ 54. Ke1 Qf6 0-1

[Event "*** SCC Grand Prix: Titled Tuesday Blitz"]
[Site "Chess.com"]
[Date "2020.06.02"]
[Round "9"]
[White "Eloist"]
[Black "pooh2012"]
[Result "0-1"]
[WhiteElo "2232"]
[BlackElo "2406"]
[TimeControl "180+1"]
[EndTime "11:47:31 PDT"]
[Termination "pooh2012 won on time"]

1. e4 c5 2. Nf3 g6 3. c3 Nf6 4. e5 Nd5 5. d4 cxd4 6. Qxd4 Nc7 7. Qh4 h6 8. Be2 Nc6 9. O-O Bg7 10. Qg3 Ne6 11. Re1 Qc7 12. Bf1 a6 13. c4 b5 14.
Nc3 bxc4 15. Nd5 Qb8 16. Bxc4 Na5 17. Bd3 Bb7 18. Be4 Nc4 19. Ne3 Bxe4 20. Nxc4 Bd5 21. b3 O-O 22. Bd2 Qb7 23. Rac1 Rfc8 24. h4 h5 25. Ng5 Nxg5 26. Bxg5 Kf8 27. f3 Qb5 28. Qf4 Be6 29. Kh1 a5 30. Bh6 a4 31. Bxg7+ Kxg7 32. Qd4 axb3 33. axb3 Qxb3 34. Nb6 Rxc1 35. Rxc1 Ra6 36.
Nxd7 Ra4 37. Qd2 Rxh4+ 38. Kg1 Bxd7 39. Qxd7 Qb6+ 40. Kf1 Rh1+ 41. Ke2 Rxc1 0-1

[Event "*** SCC Grand Prix: Titled Tuesday Blitz"]
[Site "Chess.com"]
[Date "2020.06.02"]
[Round "9"]
[White "ElviraBerend"]
[Black "HElissalt"]
[Result "1-0"]
[WhiteElo "2384"]
[BlackElo "2214"]
[TimeControl "180+1"]
[EndTime "11:47:32 PDT"]
[Termination "ElviraBerend won on time"]

1. d4 f5 2. g3 Nf6 3. Bg2 e6 4.
Nh3 d6 5. O-O Be7 6. c4 c6 7.
Nc3 O-O 8. Nf4 e5 9. dxe5 dxe5 10. Nd3 Qc7 11. e4 Be6 12. exf5 Bxf5 13. Qe2 Nbd7 14. Ne4 Rae8 15. Re1 Bxe4 16. Bxe4 Nc5 17. Bg2 Nxd3 18. Qxd3 Bc5 19. Be3 Rd8 20. Qc2 Bd4 21. Rad1 Qa5 22.
b3 Qc5 23. Kh1 a5 24. Bxd4 Rxd4 25. Rxd4 exd4 26. h3 Rd8 27. Qd3 Qb4 28. Re2 Qc5 29.
Kh2 Nd7 30. Qe4 Nf6 31. Qe6+ Kh8 32. Re1 d3 33. Qe3 Qxe3 34. fxe3 d2 35. Rd1 Rd3 36. g4 Nd7 37. Kg1 Ne5 38. Kf2 a4 39. Be4 Rc3 40. Rxd2 g6 41. Bc2 axb3 42. axb3 Kg7 43. Bd1 Kf6 44.
Ke2 Ke7 45. g5 Ke6 46. h4 Ke7 47. Rd4 Ke6 48. Kd2 1-0

[Event "*** SCC Grand Prix: Titled Tuesday Blitz"]
[Site "Chess.com"]
[Date "2020.06.02"]
[Round "9"]
[White "damayito"]
[Black "dianamirza"]
[Result "0-1"]
[WhiteElo "1650"]
[BlackElo "2019"]
[TimeControl "180+1"]
[EndTime "11:47:32 PDT"]
[Termination "dianamirza won on time"]

1. e4 e5 2. Nf3 d6 3. d4 exd4 4. Nxd4 Nf6 5. Nc3 g6 6. Bd3 Bg7 7. Be3 O-O 8. O-O Ng4 9. Qd2 Ne5 10. Bh6 Nxd3 11. Bxg7 Kxg7 12. Qxd3 Nc6 13. Nxc6 bxc6 14. Qd4+ Qf6 15. Qxf6+ Kxf6 16. Rfe1 Be6 17. f4 d5 18. e5+ Ke7 19. Na4 Rfb8 20. b3 Rb4 21. Nc5 Rxf4 22.
Rf1 Rxf1+ 23. Rxf1 Rf8 24. Na6 Bf5 25. Rc1 Kd8 26. Nc5 Re8 27. Nb7+ Kc8 28. Na5 Kd7 29. c4 Rxe5 30. h3 d4 31. Nb7 c5 32. Na5 Re2 33.
a4 d3 34. Rd1 d2 35. Nb7 Re1+ 36.
Rxe1 dxe1=Q+ 37. Kh2 Qe5+ 38. Kh1 Qa1+ 39. Kh2 Kc6 40.
Na5+ Kb6 41. b4 cxb4 42. Nb3 Qb2 43. c5+ Kb7 0-1

[Event "*** SCC Grand Prix: Titled Tuesday Blitz"]
[Site "Chess.com"]
[Date "2020.06.02"]
[Round "9"]
[White "OparinGrigoriy"]
[Black "wonderfultime"]
[Result "1-0"]
[WhiteElo "2940"]
[BlackElo "2982"]
[TimeControl "180+1"]
[EndTime "11:47:33 PDT"]
[Termination "OparinGrigoriy won on time"]

1. Nf3 d5 2. g3 Nf6 3. Bg2 Bg4 4.
O-O Nbd7 5. d3 e5 6. h3 Bh5 7. c4 dxc4 8. dxc4 c6 9. Nc3 Qc7 10. Nh4 Bg6 11. Nxg6 hxg6 12. Qc2 Be7 13. Rb1 a5 14. a3 Nc5 15. b4 axb4 16. axb4 Ne6 17. e3 O-O 18. c5 Rfd8 19. Bb2 Rd7 20. Rfd1 Rad8 21. Rxd7 Rxd7 22. Rd1 Rxd1+ 23. Qxd1 b6 24. b5 cxb5 25. c6 e4 26. Nxe4 Nxe4 27. Bxe4 Nc5 28. Qd5 Nxe4 29. Qxe4 Bd6 30. Qd4 f6 31. Qd5+ Kh7 32.
Qxb5 Bc5 33. Bd4 Qd6 34. Qa4 g5 35. Bxc5 bxc5 36. Qe4+ g6 37. Qe8 Qd1+ 38. Kg2 Qa4 39. Qe7+ Kh6 40. Qe8 Kh7 41. Qd7+ Kh6 42. Qd5 c4 43. c7 Qa6 44. Qd8 Qc6+ 45. Kh2 1-0

[Event "*** SCC Grand Prix: Titled Tuesday Blitz"]
[Site "Chess.com"]
[Date "2020.06.02"]
[Round "9"]
[White "Artem_Sadovsky"]
[Black "AlexTriapishko"]
[Result "1-0"]
[WhiteElo "2544"]
[BlackElo "2684"]
[TimeControl "180+1"]
[EndTime "11:47:33 PDT"]
[Termination "Artem_Sadovsky won on time"]

1. Nf3 Nf6 2. g3 g6 3. Bg2 Bg7 4. O-O O-O 5. c4 c6 6. b3 d5 7. Bb2 Bg4 8. d3 Bxf3 9. Bxf3 Nbd7 10. Nd2 e5 11. cxd5 cxd5 12. Rc1 Re8 13. Bg2 Qa5 14.
a3 Rac8 15. b4 Qb5 16. Qb3 Bh6 17. a4 Qa6 18. Rxc8 Rxc8 19. Rc1 Rxc1+ 20. Bxc1 Qc6 21. Qd1 Nb6 22. b5 Qc3 23. Ne4 dxe4 24. Bxh6 Ng4 25.
Bd2 Qd4 26. e3 Qxd3 27. Qxg4 Qxd2 28. Bxe4 Qc1+ 29. Kg2 Qc7 30. a5 Nc4 31. a6 bxa6 32. bxa6 Kg7 33. h4 Nd6 34. Bd5 Qa5 35. e4 Qxa6 36. h5 Qb6 37. Qg5 h6 38. Qxe5+ Kh7 39. hxg6+ Kxg6 40. f4 1-0

[Event "*** SCC Grand Prix: Titled Tuesday Blitz"]
[Site "Chess.com"]
[Date "2020.06.02"]
[Round "9"]
[White "Alopekos"]
[Black "DaggiGretarsson"]
[Result "0-1"]
[WhiteElo "2502"]
[BlackElo "2668"]
[TimeControl "180+1"]
[EndTime "11:47:33 PDT"]
[Termination "DaggiGretarsson won on time"]

1. e4 g6 2. d4 Bg7 3. Nc3 d6 4. Be3 a6 5. Qd2 b5 6. O-O-O Nd7 7. Kb1 Bb7 8. f3 Rc8 9. h4 h5 10. Nh3 c5 11. dxc5 Nxc5 12. Bd4 Nf6 13. Ng5 O-O 14. g4 hxg4 15. h5 gxh5 16. Qh2 e5 17. Bxe5 dxe5 18. Rxd8 Rfxd8 19. Nd5 Bxd5 20. exd5 Rxd5 21. Be2 e4 22. Nxe4 Ncxe4 23. fxe4 Nxe4 24. Bd3 Nc5 25. Qf4 Rcd8 26. Rf1 R8d7 27. Be2 Re5 28. Bd1 Ne4 29. Rh1 Rd6 30. a3 Bh6 31. Qh2 f6 32. Qg2 Rd2 33. Qf1 Kg7 34.
Rg1 Bg5 35. Bxg4 hxg4 36. Rxg4 Rh2 37. Qd3 Nd2+ 38. Ka2 Nc4 39. Qd7+ Kg6 40. Qc8 Re1 41. Qg8+ Kf5 42. Rd4 Rhh1 0-1

[Event "*** SCC Grand Prix: Titled Tuesday Blitz"]
[Site "Chess.com"]
[Date "2020.06.02"]
[Round "9"]
[White "crazy_but_lazy"]
[Black "Kira170"]
[Result "1-0"]
[WhiteElo "2434"]
[BlackElo "2612"]
[TimeControl "180+1"]
[EndTime "11:47:33 PDT"]
[Termination "crazy_but_lazy won on time"]

1. d4 Nf6 2. c4 c5 3. Nf3 cxd4 4. Nxd4 e5 5. Nb5 d5 6. cxd5 Bc5 7. g3 O-O 8. N5c3 Qb6 9. e3 Bg4 10. Be2 Bh3 11. Bf1 Bg4 12. Be2 Bh3 13. Bf1 Bxf1 14. Kxf1 e4 15. Nd2 Re8 16. a3 Qd6 17. b4 Bb6 18.
Nc4 Qc7 19. Qe2 Nbd7 20. Bb2 Ne5 21. Nxe5 Qxe5 22. Na4 Qf5 23. Bxf6 Qxf6 24. Nxb6 Qxa1+ 25. Kg2 Qxa3 26. Nxa8 Rxa8 27. Qc4 a5 28. bxa5 Qxa5 29.
Qxe4 h6 30. Rd1 Qc7 31. d6 Qd7 32. Qd5 Rb8 33. e4 b5 34. e5 b4 35. Rd3 Rb5 36. Qa8+ Kh7 37. Qe4+ g6 38. Rf3 b3 39. Qc4 b2 40.
Rxf7+ Qxf7 41. Qxf7+ Kh8 42. Qe8+ Kh7 43. Qxb5 1-0

[Event "*** SCC Grand Prix: Titled Tuesday Blitz"]
[Site "Chess.com"]
[Date "2020.06.02"]
[Round "9"]
[White "Lubov_Gordyk"]
[Black "Shota_Azaladze"]
[Result "1-0"]
[WhiteElo "2598"]
[BlackElo "2801"]
[TimeControl "180+1"]
[EndTime "11:47:34 PDT"]
[Termination "Lubov_Gordyk won by resignation"]

1. e4 g6 2. d4 Bg7 3. Nc3 c6 4. h3 d5 5. Nf3 Nf6 6. e5 Ne4 7. Bd3 Nxc3 8. bxc3 c5 9. O-O c4 10. Be2 Nc6 11. Be3 O-O 12. Qd2 f6 13. exf6 exf6 14.
Bf4 Bf5 15. Rfe1 Re8 16. g4 Be4 17. Nh2 g5 18. Bg3 Qd7 19. Nf1 Ne7 20. f3 Bg6 21. h4 gxh4 22. Bxh4 f5 23. Ng3 fxg4 24. fxg4 Qd6 25.
Bf3 Rf8 26. Qg2 Bf6 27. Bxf6 Rxf6 28. Re5 Raf8 29. Rf1 Kg7 30. Bxd5 Rxf1+ 31. Nxf1 Nxd5 32. Qxd5 Qxd5 33. Rxd5 Bxc2 34. Rd7+ Rf7 35. Rxf7+ Kxf7 36. Ne3 Bd3 37. Kf2 Ke6 38. Kf3 b5 39. a3 a5 40. Kf4 h6 41. Nd1 Be2 42. Ne3 Bd3 43. Nd1 Kd6 44. Ke3 Kd5 45. Nf2 Bf1 46. Ne4 Bg2 47.
Nf6+ Ke6 48. Ng8 Bh3 49. Nxh6 Kf6 50. Kf4 b4 51. cxb4 axb4 52. axb4 c3 53. Ke3 Kg5 54.
Nf7+ Kxg4 55. Kd3 Kf5 56. Kxc3 Bf1 57. Ne5 Ke4 58. Nc4 Be2 59. b5 Kd5 60. Nb6+ Kd6 61. Kb4 Bf1 62. Nc4+ Kd5 63. Ne3+ Kxd4 64. Nxf1 1-0

[Event "*** SCC Grand Prix: Titled Tuesday Blitz"]
[Site "Chess.com"]
[Date "2020.06.02"]
[Round "9"]
[White "Jojo_1608"]
[Black "51616516516"]
[Result "1-0"]
[WhiteElo "2193"]
[BlackElo "2361"]
[TimeControl "180+1"]
[EndTime "11:47:34 PDT"]
[Termination "Jojo_1608 won on time"]

1. d4 Nf6 2. c4 g6 3. Nc3 Bg7 4. Nf3 d6 5. Bg5 O-O 6. e3 b6 7. Be2 Bb7 8. O-O Nbd7 9. Qc2 h6 10. Bh4 e5 11. dxe5 dxe5 12. Rfd1 g5 13. Bg3 Qe7 14.
Nd5 Nxd5 15. cxd5 Rac8 16. Qa4 Nc5 17. Qa3 a5 18. h4 f5 19. hxg5 hxg5 20. Bc4 Kh8 21.
Rd2 f4 22. exf4 exf4 23. Re1 Qf6 24. Bh2 Rce8 25. Rde2 Rxe2 26. Rxe2 g4 27. Ne5 g3 28. fxg3 fxg3 29. Bxg3 Qf1+ 30. Kh2 Rf5 31. Ng6+ Kh7 32. Nh4 Rh5 33. Re5 Qf7 34. d6 Rxh4+ 35. Bxh4 Qxc4 36.
Rh5+ Kg8 37. dxc7 Qf4+ 38. Qg3 Qxg3+ 39. Bxg3 Ne6 40. Rb5 1-0

[Event "*** SCC Grand Prix: Titled Tuesday Blitz"]
[Site "Chess.com"]
[Date "2020.06.02"]
[Round "9"]
[White "LizaSolovyova"]
[Black "124chess"]
[Result "1-0"]
[WhiteElo "2542"]
[BlackElo "2739"]
[TimeControl "180+1"]
[EndTime "11:47:35 PDT"]
[Termination "LizaSolovyova won by resignation"]

1. d4 d6 2. e4 Nf6 3. Nc3 g6 4.
h3 c6 5. g4 b5 6. a3 Bb7 7. Bg2 Nbd7 8. Nge2 Bg7 9. O-O a5 10.
Be3 O-O 11. Qe1 Qc7 12. f4 b4 13. Nd1 c5 14. d5 e6 15. c4 exd5 16. cxd5 Rae8 17. Ng3 Nb6 18. g5 Nfxd5 19. exd5 Nc4 20. Ne4 Bxd5 21. Nf6+ Bxf6 22. gxf6 Bxg2 23. Kxg2 Qc6+ 24. Rf3 d5 25. Qf1 Re4 26. b3 Qxf6 27. Ra2 Nxe3+ 28.
Nxe3 Qe6 29. Ng4 h5 30. Ne5 a4 31. axb4 axb3 32. Rxb3 c4 33. Rg3 Qf5 34. Rf2 Rc8 35. b5 d4 36. b6 d3 37. b7 Rb8 38. Qb1 Rd4 39. Qb6 Qe4+ 40. Kh2 Rxb7 41. Qf6 Rb1 42. Qxf7+ Kh8 43. Nxg6+ 1-0

[Event "*** SCC Grand Prix: Titled Tuesday Blitz"]
[Site "Chess.com"]
[Date "2020.06.02"]
[Round "9"]
[White "Khamrakulov_Djurabek"]
[Black "ClassyEl"]
[Result "1-0"]
[WhiteElo "2800"]
[BlackElo "2577"]
[TimeControl "180+1"]
[EndTime "11:47:37 PDT"]
[Termination "Khamrakulov_Djurabek won by resignation"]

1. e4 d6 2. d4 Nf6 3. Nc3 c6 4. Nf3 Bg4 5. Be3 e6 6. Bd3 d5 7. O-O Be7 8. h3 Bh5 9. e5 Nfd7 10. Nb1 c5 11. c3 Nc6 12. Nbd2 cxd4 13. cxd4 Qb6 14. Qe2 Rc8 15. a3 O-O 16. b4 a5 17. b5 Na7 18. a4 Rc3 19. Nb1 Rc7 20.
g4 Bg6 21. h4 Rfc8 22. Bxg6 hxg6 23. h5 Nf8 24. h6 Rc2 25. Qd3 Qd8 26. Bd2 gxh6 27.
Bc3 R2xc3 28. Nxc3 Nh7 29. Ne2 Rc7 30. Rac1 Nc8 31.
Rxc7 Qxc7 32. Rc1 Qd8 33. Qc3 Nb6 34. Qxa5 Ng5 35. Nxg5 Bxg5 36. Rc2 Kg7 37. Kg2 h5 38. f4 Be7 39. gxh5 gxh5 40. Kf3 Kh6 41. Ng1 Qg8 42. Rg2 Qd8 43. Kg3 Qc7 44. Kh2 Bd8 45. Qb4 Be7 46. Qa5 Bd8 47. Qd2 Nc4 48. Qc1 Kh7 49. f5 exf5 50. Nh3 Qe7 51. Ng5+ Kh8 52.
Nxf7+ Qxf7 53. Qh6+ Qh7 54. Qf8+ 1-0